 Dungeon Crawl Stone Soup version 0.25-a0-435-g4b9beb1024 (webtiles) character file.

Game seed: 8390787637864555967, levelgen mode: deterministic

856 Elellon the Thaumaturge (level 7, -6/36 HPs)
             Began as a Deep Elf Conjurer on Jan 28, 2020.
             Mangled by Blork the orc
             ... wielding a +0 dire flail
              (14 damage)
             ... on level 5 of the Dungeon.
             The game lasted 00:09:04 (5261 turns).

Elellon the Thaumaturge (Deep Elf Conjurer)         Turns: 5261, Time: 00:09:05

Health: -6/36      AC:  4    Str: 11    XL:     7   Next: 70%
Magic:  18/21      EV: 13    Int: 20    God:
Gold:   101        SH:  0    Dex: 15    Spells: 16/23 levels left

rFire    + . .     SeeInvis .   r - +0 dagger
rCold    x . .     Gourm    .   (no shield)
rNeg     . . .     Faith    .   a - +0 robe
rPois    .         Spirit   .   b - +0 helmet
rElec    .         Reflect  .   (no cloak)
rCorr    .         Harm     .   o - +0 pair of gloves
MR       .....                  (no boots)
Stlth    ++........             (no amulet)
HPRegen  0.12/turn              g - +4 ring of strength
MPRegen  0.17/turn              j - ring of fire

@: lethally poisoned (-6 -> -7), marked
A: no striking features
a: no special abilities


You were on level 5 of the Dungeon.
You were not hungry.

You visited 1 branch of the dungeon, and saw 6 of its levels.
You also visited: Ossuary.

You collected 101 gold pieces.

Inventory:

Hand Weapons
 r - a +0 dagger (weapon)
Armour
 a - a +0 robe (worn)
 b - a +0 helmet (worn)
 o - a +0 pair of gloves (worn)
Jewellery
 g - a +4 ring of strength (left hand)
 j - a ring of fire (right hand)
 k - an uncursed ring of resist corrosion
 n - an uncursed ring of fire
Wands
 h - a wand of iceblast (5)
 q - a wand of scattershot (7)
Scrolls
 d - a scroll of noise
 e - a scroll of immolation
 f - 2 scrolls of amnesia
 l - 2 scrolls of random uselessness {unknown}
 m - 3 scrolls of teleportation
 s - a scroll of remove curse {unknown}
 v - a scroll of blinking {unknown}
 w - a scroll of enchant weapon {unknown}
Potions
 i - 2 potions of haste
 p - a potion of might {unknown}
 t - 2 potions of mutation {unknown}
 x - a potion of curing {unknown}
Comestibles
 c - 7 rations
 u - 3 chunks of flesh


   Skills:
 - Level 2.4 Dodging
 - Level 2.4 Stealth
 + Level 8.6 Spellcasting
 + Level 8.1 Conjurations


You had 16 spell levels left.
You knew the following spells:

 Your Spells              Type           Power        Failure   Level  Hunger
a - Magic Dart            Conj           ####         1%          1    None
b - Searing Ray           Conj           #####.       1%          2    None
c - Iskenderun's Mystic   Conj/Tloc      ###.....     16%         4    ###....

Your spell library contained the following spells:

 Spells                   Type           Power        Failure   Level  Hunger
 Dazzling Flash           Conj/Hex       ###...       4%          3    None
 Fulminant Prism          Conj/Hex       ###.......   16%         4    ###....


Dungeon Overview and Level Annotations

Branches:
Dungeon (6/15)            Ossuary (visited)
 Temple: D:4-7

Altars:
Elyvilon
Yredelemnul

Shops:
D:4 ?

Annotations:
D:5 Blork the orc, Edmund, Eustachio, Ijyb


Message History

Ijyb moves out of view.
You feel sick.
You hear a zap.
You hear a grinding noise.
You feel sick.
Blork the orc screams, "I'll rip your head off!"
Eustachio the Magnificent comes into view.
He is wielding a +0 rapier.
Blork the orc casts a spell at you. The magic dart hits you.
Blork the orc hits you with a +0 dire flail.
You feel sick.
Blork the orc grins evilly.
Eustachio hits you with a +0 rapier!
* * * LOW HITPOINT WARNING * * *
There is a stone staircase leading up here.
Blork the orc closely misses you.
You hear a zap.
You hear a grinding noise.
Eustachio growls, "To hell with you, honourless miscreant!"
Eustachio hits you but does no damage.
Blork the orc hits you with a +0 dire flail!
You die...

.......#≈..♣..≈#...............
g? ................#.#.###..#####
...#.###...♣._.♣...#.#.#......÷..
#.#.# ##.........##.#.#.#..#####
.@.#####≈..♣..≈##[...#.#..# #
#.....#≈≈...≈≈#.....#.#..## #
#..######...####)..##.#...# #
#.#.######.#.####.##....#.# #
#.....@....#o@.[........#.# #
##########...@....##...##.# #
############.###.# .......
##...... #####.. .


You could see Eustachio and Blork the orc.

Vanquished Creatures
  2 sky beasts (D:5)
  An ice beast (D:4)
  A centaur (D:5)
  An elf zombie (Ossuary)
  2 crimson imps
  A bullfrog zombie (D:6)
  3 worker ants
  3 mummies (Ossuary)
  8 gnolls (D:2)
  4 adders
  An ooze (D:3)
  2 adder zombies (Ossuary)
  An adder skeleton (D:4)
  A worm (D:3)
  3 dart slugs (D:1)
  3 leopard geckos
  5 orcs
  A ball python (D:2)
  7 bats
  3 giant cockroaches
  7 goblins
  10 hobgoblins
  11 jackals
  3 quokkas
  2 frilled lizards
  A goblin zombie (Ossuary)
  A hobgoblin zombie (Ossuary)
  7 kobolds
  A leopard gecko skeleton (D:5)
  An orc zombie (Ossuary)
  A quokka zombie (D:4)
  6 rats
  A rat zombie (D:4)
  A spectral orc (D:4)
106 creatures vanquished.

Notes
Turn   | Place    | Note
-------+----------+-------------------------------------------
     0 | D:1      | Elellon the Deep Elf Conjurer began the quest for the Orb.
     0 | D:1      | Reached XP level 1. HP: 10/10 MP: 6/6
    71 | D:1      | Reached XP level 2. HP: 15/15 MP: 2/8
   976 | D:1      | Reached skill level 5 in Conjurations
   976 | D:1      | Reached XP level 3. HP: 19/19 MP: 7/10
  1012 | D:1      | Learned a level 2 spell: Searing Ray
  1657 | D:2      | Reached XP level 4. HP: 21/24 MP: 5/12
  1762 | D:2      | Reached skill level 5 in Spellcasting
  2031 | D:2      | Reached XP level 5. HP: 28/28 MP: 8/14
  3382 | D:4      | Noticed an ice beast
  3390 | D:4      | Killed an ice beast
  3390 | D:4      | Reached XP level 6. HP: 32/32 MP: 2/17
  3568 | D:4      | Found Sutas's Magic Scroll Boutique.
  3570 | D:4      | Found a basalt altar of Yredelemnul.
  3666 | D:4      | Found a sand-covered staircase.
  3673 | Ossuary  | Entered an ossuary
  3804 | Ossuary  | Learned a level 4 spell: Iskenderun's Mystic Blast
  4190 | D:4      | You fall into a shaft and drop 2 floors!
  4229 | D:6      | Reached XP level 7. HP: 36/36 MP: 14/20
  4320 | D:5      | Entered Level 5 of the Dungeon
  5176 | D:5      | Found a white marble altar of Elyvilon.
  5241 | D:5      | Noticed Blork the orc
  5252 | D:5      | Noticed Ijyb
  5252 | D:5      | Noticed Edmund
  5257 | D:5      | Noticed Eustachio
  5261 | D:5      | Mangled by Blork the orc

Levels and vault maps discovered:
D:1:      dpeg_arrival_rhombi, layout_basic, hangedman_decor_push
D:2:      layout_loops_cross
D:3:      layout_basic
D:4:      layout_basic, yredelemnul_forgotten_temple_becter, enter_ossuary_4,
          first_ration, serial_shops, shop
D:5:      layout_loops_ring, serial_park_tiny_1, elyvilon_altar_4,
          uniq_eustachio, uniq_blork_the_orc, uniq_ijyb, uniq_edmund
D:6:      layout_loops_ring, minmay_temple_entry_wispy, uniq_crazy_yiuf_cottage,
          uniq_grinder

Skill      XL: |  1  2  3  4  5  6  7 |
---------------+----------------------+-----
Spellcasting   | 4 5 6 7 8 |  8.6
Conjurations   | 5 6 7 8 |  8.1
Dodging        | |  2.4
Stealth        | |  2.4

Action                   |  1- 3 |  4- 6 |  7- 9 || total
-------------------------+-------+-------+-------++-------
 Cast: Magic Dart        |    81 |    87 |    21 ||   189
       Searing Ray       |       |    23 |     9 ||    32
  Use: Scroll            |       |     6 |       ||     6
  Eat: Chunk             |     2 |     8 |       ||    10
       Ration            |       |       |     1 ||     1
Armor: Robe              |       |     7 |     4 ||    11
Dodge: Dodged            |     7 |    22 |     4 ||    33

Table legend:
 A = Non-vault XP
 B = Vault XP
 C = Vault XP percentage of total XP
 D = Non-vault monster count
 E = Vault monster count
 F = Vault count percentage of total count
                 A         B        C        D         E       F
            +---------+---------+-------+---------+---------+-------
      Total |    1057 |     166 |  13.6 |      94 |      12 |  11.3
            +---------+---------+-------+---------+---------+-------
        D:1 |      48 |       0 |   0.0 |      22 |       0 |   0.0
        D:2 |     233 |       0 |   0.0 |      29 |       0 |   0.0
        D:3 |      55 |       0 |   0.0 |      19 |       0 |   0.0
        D:4 |     182 |       3 |   1.6 |      12 |       3 |  20.0
        D:5 |     407 |       0 |   0.0 |       9 |       0 |   0.0
        D:6 |     132 |       0 |   0.0 |       3 |       0 |   0.0
    Ossuary |       0 |     163 | 100.0 |       0 |       9 | 100.0
            +---------+---------+-------+---------+---------+-------
